 Dungeon Crawl Stone Soup version 0.30-a0-652-gcc886f7154 (webtiles) character file.

Game seed: 9980319564503769159

2902 ryw the Protected (level 9, -12/59 HPs)
             Began as a Gargoyle Fighter on Jan 18, 2023.
             Was a Priest of Zin.
             Killed from afar by a steam dragon (16 damage)
             ... with a ball of steam
             ... on level 7 of the Dungeon.
             The game lasted 00:14:13 (6896 turns).

ryw the Protected (Gargoyle Fighter)                Turns: 6896, Time: 00:14:14

Health: -12/59     AC: 22    Str: 24    XL:     9   Next: 78%
Magic:  9/9        EV:  6    Int:  9    God:    Zin [***...]
Gold:   347        SH: 14    Dex:  9    Spells: 8/8 levels left

rFire   . . .      SeeInvis .    j - +0 war axe
rCold   + . .      Faith    .    h - +0 kite shield
rNeg    + . .      Spirit   .    o - +0 plate armour
rPois   ∞          Reflect  +    (no helmet)
rElec   +          Harm     .    q - scarf {shadows}
rCorr   +          Rampage  .    i - +1 pair of gloves
Will    .....                    (no boots) Stlth
                                 e - amulet of reflection
HPRegen 0.29/turn                b - ring of protection from cold
MPRegen 0.11/turn                r - ring of resist corrosion

@: no status effects
A: sickness immunity, AC +6, negative energy resistance 1, electricity
resistance, torment resistance 1, petrification resistance
a: Renounce Religion, Recite, Vitalisation, Imprison, Donate Gold


You were on level 7 of the Dungeon.
You worshipped Zin.
Zin was most pleased with you.
You visited 2 branches of the dungeon, and saw 9 of its levels.

You collected 385 gold pieces.
You donated 38 gold pieces to Zin.

Inventory:

Hand Weapons
 a - a +1 vampiric war axe
 g - a +2 sling of freezing
 j - a +0 war axe (weapon)
 x - a +5 dire flail
Missiles
 m - a throwing net (quivered)
 p - 23 poisoned darts
 A - a curare-tipped dart
Armour
 h - a +0 kite shield (worn)
 i - a +1 pair of gloves (worn)
 o - a +0 plate armour (worn)
 q - a scarf of shadows (worn)
Jewellery
 b - a ring of protection from cold (left hand)
 e - an amulet of reflection (around neck)
 f - a ring of protection from cold
 r - a ring of resist corrosion (right hand)
 y - an amulet of guardian spirit
Wands
 n - a wand of iceblast (12)
 u - a wand of light (6)
Scrolls
 c - a scroll of teleportation
 l - a scroll of silence
 s - 3 scrolls of blinking
 B - a scroll of torment {unknown}
Potions
 k - a potion of lignification
 t - a potion of haste
 w - 3 potions of mutation


   Skills:
 + Level 8.0 Fighting
 + Level 4.8 Axes
 + Level 8.1 Armour
 - Level 3.0 Dodging
 + Level 8.1 Shields


You had 8 spell levels left.
You didn't know any spells.
Your spell library contained the following spells:

 Spells                   Type           Power      Damage    Failure   Level
 Magic Dart               Conj           0%         1d3       100%        1
 Searing Ray              Conj           0%         2d4       100%        2
 Ignite Poison            Fire/Tmut/Pois 0%         N/A       100%        3
 Kindle Blastsparks       Fire/Tloc/Air  0%         2d10      100%        3
 Cause Fear               Hex            0%         N/A       100%        4
 Fulminant Prism          Conj/Hex       0%         3d5       100%        4
 Freezing Cloud           Conj/Ice/Air   0%         6-21      100%        5
 Dragon Form              Tmut           0%         N/A       100%        7
 Dragon's Call            Summ           0%         N/A       100%        9


Dungeon Overview and Level Annotations

Branches:
Dungeon (8/15)             Temple (1/1) D:4
   Lair: D:8-11

Altars:
Ashenzari
Cheibriados
Dithmenos
Elyvilon
Fedhas
Gozag
Hepliaklqana
Kikubaaqudgha
Nemelex Xobeh
Okawaru
Qazlal
Ru
Sif Muna
Trog
Uskayaw
Vehumet
Wu Jian
Xom
Yredelemnul
Zin
The Shining One

Shops:
D:5 (

Annotations:
D:4 1 runed translucent door, Newt's ghost, amateur DsGl


Innate Abilities, Weirdness & Mutations

You are immune to sickness and miasma.
Your stone body is resilient. (AC +6)
You are immune to poison.
You resist negative energy. (rN+)
You are resistant to electric shocks. (rElec)
You are resistant to unholy torment.
You are immune to petrification.


Message History

You block the steam dragon's attack.
The steam dragon claws you but does no damage.
The steam dragon completely misses you. You block the steam dragon's attack.
You slash the steam dragon!
The steam dragon is moderately wounded.
You block the steam dragon's attack. x2
You hit the steam dragon.
The steam dragon is heavily wounded.
You block the steam dragon's attack. x2
The steam dragon breathes steam at you. The ball of steam hits you.
You hit the steam dragon.
The steam dragon is heavily wounded.
You are engulfed in a cloud of scalding steam.
A sky beast comes into view.
The steam dragon breathes steam at you. The ball of steam misses you.
You hit the steam dragon but do no damage.
The steam dragon is heavily wounded.
You are engulfed in a cloud of scalding steam.
The steam dragon bites you. You block the steam dragon's attack. x2
The steam dragon claws you but does no damage.
You slash the steam dragon!
The steam dragon is severely wounded.
You are engulfed in a cloud of scalding steam.
The steam dragon breathes steam at you. The ball of steam hits you!
* * * LOW HITPOINT WARNING * * *
The steam dragon bites you but does no damage.
The steam dragon barely misses you.
The sky beast flickers out of sight!
Deactivating autopickup; reactivate with Ctrl-A.
You barely miss something. You closely miss the steam dragon.
The steam dragon completely misses you.
The steam dragon claws you but does no damage.
Something hits you but does no damage.
You miss something. You hit the steam dragon.
Something hits you but does no damage. The steam dragon breathes steam at you.
The ball of steam hits you!
You die...

..⌠P.......## ##
..P..##..##.## ##. .
##.###.#.##..###..
#.##....#........#..#
.##.#.........#####....
...........#.# #..[#
#...........## #...#
.##.#.D##......# #...#
.....{@>§.#.#°.####...#
#.......§.#.°..........
##.......§#○....####'[#
#...!.....##°..##≈≈≈)§≈
...#..........##§≈§≈.§§
#######.#....##≈≈§§§..§
#.######≈≈≈≈§≈.§§ #.#
≈§≈≈§§§§≈ #. ≈≈≈≈§≈§.≈


You could see a steam dragon (catching breath).

Vanquished Creatures
  A boulder beetle (D:7)
  Grinder (D:4)
  A wyvern (D:6)
  A water moccasin (D:7)
  3 ice beasts (D:7)
  A centaur (D:7)
  A phantom (D:7)
  3 kobold brigands
  A bullfrog (D:7)
  2 necrophages
  3 scorpions
  5 wights
  A jelly (D:2)
  An orc priest (D:6)
  2 hounds
  A gnoll bouda (D:3)
  5 iguanas
  4 orc wizards
  11 gnolls
  3 adders
  A white imp (D:6)
  2 ufetubi
  10 worms
  3 dart slugs
  16 orcs
  5 endoplasms (D:1)
  3 giant cockroaches
  3 goblins
  2 hobgoblins (D:3)
  10 jackals
  A quokka (D:5)
  4 ball pythons
  12 bats
  A frilled lizard (D:3)
  32 kobolds
  6 rats
162 creatures vanquished.

Vanquished Creatures (others)
  2 orcs (D:7)
  41 plants
43 creatures vanquished.

Grand Total: 205 creatures vanquished

Notes
Turn   | Place    | Note
-------+----------+-------------------------------------------
     0 | D:1      | ryw the Gargoyle Fighter began the quest for the Orb.
     0 | D:1      | Reached XP level 1. HP: 14/14 MP: 1/1
    49 | D:1      | Reached XP level 2. HP: 19/19 MP: 2/2
   398 | D:1      | Reached XP level 3. HP: 21/23 MP: 3/3
   712 | D:2      | Found a snail-covered altar of Cheibriados.
   768 | D:2      | Identified the +4 long sword "Utha Huu" {protect, SInv}
  1080 | D:2      | Reached skill level 1 in Dodging
  1080 | D:2      | Reached XP level 4. HP: 10/29 MP: 4/4
  1582 | D:3      | Reached XP level 5. HP: 28/33 MP: 5/5
  1777 | D:3      | Found an iron altar of Okawaru.
  1879 | D:3      | Noticed a red devil
  1880 | D:3      | Found a faded altar of an unknown god.
  2239 | D:4      | Noticed Grinder
  2240 | D:4      | Identified the +0 robe of Dulod {Stlth+}
  2551 | D:4      | Reached XP level 6. HP: 34/39 MP: 6/6
  2594 | D:4      | Paralysed by Grinder for 4 turns
  2605 | D:4      | Killed Grinder
  2639 | D:4      | Found a runed translucent door.
  2643 | D:4      | Noticed Newt's ghost (amateur DsGl)
  2697 | D:4      | Reached skill level 5 in Armour
  2697 | D:4      | Reached skill level 5 in Shields
  2697 | D:4      | Reached XP level 7. HP: 44/44 MP: 7/7
  2715 | D:4      | Reached skill level 5 in Fighting
  3021 | D:4      | Found a staircase to the Ecumenical Temple.
  3026 | Temple   | Entered the Ecumenical Temple
  3156 | Temple   | Became a worshipper of Zin the Law-Giver
  3156 | Temple   | Reached * piety under Zin
  3560 | D:5      | Entered Level 5 of the Dungeon
  3751 | D:5      | Reached ** piety under Zin
  3949 | D:5      | Reached XP level 8. HP: 51/51 MP: 8/8
  4374 | D:5      | Found Igar's Antique Weapon Emporium.
  5516 | D:7      | Found a shimmering blue altar of Sif Muna.
  5583 | D:7      | Found a hazy altar of Hepliaklqana.
  5656 | D:7      | Found a bloodstained altar of Trog.
  5700 | D:7      | Noticed a boulder beetle
  5702 | D:7      | Noticed a boulder beetle
  5973 | D:7      | Reached XP level 9. HP: 57/57 MP: 9/9
  6250 | D:7      | Reached *** piety under Zin
  6610 | D:7      | Killed a boulder beetle
  6896 | D:7      | Killed from afar by a steam dragon

Illustrated notes

Levels and vault maps discovered:
D:1:      minmay_arrival_stone_box, layout_loops_cross,
          chequers_serial_rivers_micro_e
D:2:      layout_rooms, basic_altar
D:3:      layout_loops_ring, mainiacjoe_overflow_24_doors,
          dreamdust_ecumenical_altar_sealed_demon
D:4:      layout_loops_ring, temple_doors_ab, hellmonk_ghost_happy_afterlife,
          kennysheep_generic_room_15, uniq_grinder
D:5:      kennysheep_kobold_camp, layout_cave_pods, serial_shops, shop,
          roderic_batcave, nicolae_wormholes
D:6:      layout_cave_pools
D:7:      kennysheep_big_flooded_room, layout_loops_cross,
          gammafunk_temple_overflow_forgotten,
          mainiacjoe_overflow_six_doors_small
D:8:      layout_rooms, gammafunk_ghost_arena, st_stairs_14,
          kennysheep_another_room, serial_bayou_pond_d
Temple:   minmay_crystal_spiral_temple

Skill      XL: |  1  2  3  4  5  6  7  8  9 |
---------------+----------------------------+-----
Axes           | 2 3 4 |  4.8
Dodging        | 1 2 3 |  3.0
Shields        | 4 5 7 8 |  8.1
Armour         | 4 5 7 8 |  8.1
Fighting       | 4 5 7 8 |  8.0

Action                   |  1- 3 |  4- 6 |  7- 9 || total
-------------------------+-------+-------+-------++-------
Melee: War axe           |    80 |   143 |   468 ||   691
 Fire: Sling             |       |       |    15 ||    15
Invok: Recite            |       |       |     5 ||     5
  Use: Scroll            |       |    14 |    11 ||    25
       Potion            |       |     1 |     4 ||     5
Armor: Scale mail        |    35 |       |       ||    35
       Plate armour      |     3 |   122 |   321 ||   446
Dodge: Dodged            |    42 |    55 |    90 ||   187
Block: Buckler           |    12 |    50 |     4 ||    66
       Kite shield       |       |       |   332 ||   332
       Reflection        |       |       |     5 ||     5

Table legend: (Time is in decaauts)
 A = Elapsed time spent in this place.
 B = Non-inter-level travel time spent in this place.
 C = Inter-level travel time spent in this place.
 D = Time resting spent in this place.
 E = Time spent auto-exploring this place.
 F = Levels seen in this place.
 G = Mean time per level.
                   A        B        C        D        E       F      G
               +--------+--------+--------+--------+--------+-----+--------+
         Total |   7226 |   6801 |    425 |    979 |   3956 |   9 |  802.9 |
       Dungeon |   7009 |   6673 |    336 |    979 |   3846 |   8 |  876.1 |
        Temple |    217 |    128 |     89 |      0 |    110 |   1 |  217.0 |
               +--------+--------+--------+--------+--------+-----+--------+

Top non-repeatable levels by time:
     D:5: 1401 daAuts
     D:3: 1229 daAuts
     D:7: 1188 daAuts
     D:6: 937 daAuts
     D:4: 922 daAuts
     D:1: 700 daAuts
     D:2: 618 daAuts
  Temple: 217 daAuts
     D:8: 11 daAuts
